Remparts vs Coutelas
Created - December 25, 2020 at 19:41
Goals
|
Remparts |
1 |
1 |
0 |
0 |
2 |
Coutelas |
1 |
1 |
0 |
1 |
3 |
|
Shots
|
Remparts |
8 |
13 |
17 |
4 |
42 |
Coutelas |
15 |
11 |
4 |
2 |
32 |
|
1st period
1. Coutelas , Mike Reilly 3 (Tanner Richard 18, Oliver Bjorkstrand 12) at 3:55 (PP)
2. Remparts , Michael Latta 15 (Matt Puempel 7) at 15:45
Penalties :
Kirill Kaprizov (Que) for Hooking (Minor) at 3:05, Aleksander Barkov (Que) for Cross-checking (Minor) at 7:33
2nd period
3. Coutelas , Tanner Richard 14 (Oliver Bjorkstrand 13, Craig Cunningham 14) at 6:43 (PP)
4. Remparts , Jake Virtanen 8 (Michael Latta 15) at 12:12
Penalties :
Tobias Rieder (Que) for High sticking (Minor) at 6:36
3rd period
No Goal
Penalties :
Patrick Sieloff (MDÉ) for Hooking (Minor) at 2:24, Michael Latta (Que) for Slashing (Minor) at 12:14, Mike Reilly (MDÉ) for Slashing (Minor) at 14:09
Overtime #1
5. Coutelas , Patrick Sieloff 1 (Juraj Mikus 13, Teemu Pulkkinen 14) at 4:14
Penalties :
No Penalty
Goalie Stats
Igor Bobkov (Que), 29 saves from 32 shots - (0.906), OTL, 15-3-1, 64:14 minutes
Joe Cannata (MDÉ), 40 saves from 42 shots - (0.952), W, 12-7-2, 64:14 minutes
Players Stats for Remparts
Player Name G A P +/- PIM S H SB GA TA FO MP PP MP PK MP
------------------------------------------------------------------------------------
Aaron Ekblad 0 0 0 0 0 2 3 1 1 1 0/0 29:39 2:39 3:06
Aleksander Barkov 0 0 0 -1 2 5 1 0 3 1 20/34 21:09 2:10 0:00
Cedric Paquette 0 0 0 0 0 0 3 0 0 0 3/6 11:05 0:24 1:18
Griffin Reinhart 0 0 0 0 0 2 0 0 0 0 0/0 20:46 1:15 0:00
Jake Virtanen 1 0 1 2 0 4 1 0 0 0 0/1 16:14 1:32 0:00
Jerry D'Amigo 0 0 0 0 0 3 0 0 0 0 1/1 12:49 0:00 0:00
John Draeger 0 0 0 1 0 3 0 0 0 0 0/0 16:07 0:00 1:45
Kirill Kaprizov 0 0 0 0 2 1 0 0 1 1 0/1 15:57 0:12 0:57
Matt Puempel 0 1 1 2 0 0 0 0 0 0 0/0 15:08 1:32 0:00
Michael Latta 1 1 2 2 2 2 4 0 1 0 13/25 18:20 2:05 1:58
Michael McCarron 0 0 0 0 0 2 1 0 0 0 0/0 7:52 0:00 0:00
Michal Jordan 0 0 0 0 0 3 2 1 0 2 0/0 24:10 2:39 0:00
Niklas Hansson 0 0 0 1 0 2 2 0 0 1 0/0 16:48 0:00 3:06
Pontus Aberg 0 0 0 -1 0 3 0 3 1 1 1/2 21:11 2:10 0:52
Quinton Howden 0 0 0 0 0 1 1 1 1 0 3/7 14:09 0:00 1:35
Roberts Lipsbergs 0 0 0 0 0 2 0 0 0 0 0/0 7:52 0:00 0:00
Tobias Rieder 0 0 0 0 2 6 1 2 0 1 1/1 21:43 1:37 3:02
William Colbert 0 0 0 0 0 1 1 1 0 1 0/0 20:58 1:15 1:45
Players Stats for Coutelas
Player Name G A P +/- PIM S H SB GA TA FO MP PP MP PK MP
------------------------------------------------------------------------------------
Ben Harpur 0 0 0 -1 0 0 1 3 0 1 0/0 29:40 2:48 2:25
Brendan Lemieux 0 0 0 0 0 2 5 0 0 0 0/0 12:04 0:00 0:00
Craig Cunningham 0 1 1 -1 0 4 3 0 2 1 5/7 24:52 3:02 2:00
Duncan Siemens 0 0 0 0 0 0 0 1 0 0 0/0 13:29 0:00 0:00
Julius Honka 0 0 0 0 0 0 2 0 0 1 0/0 14:58 0:00 1:29
Juraj Mikus 0 1 1 0 0 6 1 0 1 0 12/22 17:36 1:49 0:33
Kurtis Gabriel 0 0 0 0 0 0 1 0 0 0 0/0 11:21 0:00 0:00
Mattias Janmark 0 0 0 0 0 1 0 0 0 0 0/0 7:53 0:00 0:13
Mike Amadio 0 0 0 0 0 2 0 1 0 1 2/8 12:24 0:00 0:00
Mike Reilly 1 0 1 0 2 1 0 3 0 0 0/0 20:40 2:02 1:05
Mikhail Grigorenko 0 0 0 0 0 1 2 1 0 0 4/5 9:44 0:00 1:21
Nick Mattson 0 0 0 -1 0 2 1 0 0 2 0/0 29:02 2:48 1:57
Nikita Scherbak 0 0 0 0 0 0 0 0 0 0 0/0 7:16 0:00 0:00
Oliver Bjorkstrand 0 2 2 -1 0 1 1 0 4 1 1/2 20:18 3:02 0:00
Patrick Sieloff 1 0 1 0 2 1 1 1 0 0 0/0 21:39 2:03 0:52
Rhett Rakhshani 0 0 0 -1 0 5 6 1 0 1 0/0 15:59 1:49 0:00
Tanner Richard 1 1 2 -1 0 5 0 1 1 0 11/30 24:49 3:02 2:00
Teemu Pulkkinen 0 1 1 0 0 1 2 0 1 0 1/4 19:12 1:49 1:41
3 Stars
1 - Joe Cannata (MDÉ)
2 - Michael Latta (Que)
3 - Jake Virtanen (Que)
Power Play
Remparts - 0 on 2 Attempt(s) - 0.00%
Coutelas - 2 on 4 Attempt(s) - 50.00%
Penalty Kill
Remparts - 2 on 4 Attempt(s) - 50.00%
- Score 0 goal in Penalty Kill
Coutelas - 2 on 2 Attempt(s) - 100.00%
- Score 0 goal in Penalty Kill
Team Stat
Remparts - Hits : 20 - Faceoff Wins : 42 - Blocked Shots : 9 - Penalty Minutes : 8
Coutelas - Hits : 26 - Faceoff Wins : 36 - Blocked Shots : 12 - Penalty Minutes : 4
Official
Referees : Unknown
Linesman : Unknown
Game Notes
No Game Note
Finance
Level 1 -- Attendance: 1228 (61.40%) -- Ticket Income $49,120
Level 2 -- Attendance: 626 (62.60%) -- Ticket Income $12,520
Total Attendance: 1854 (61.80%)
Total Ticket Income: $61,640
Other Income: $3,082
Total Income: $64,722
Remparts
5 vs 5 Forward
Center Left Wing Right Wing Time % Phy DF OF
1 Aleksander Barkov Pontus Aberg Tobias Rieder 40 0 2 3
2 Michael Latta Matt Puempel Jake Virtanen 30 0 2 3
3 Quinton Howden Kirill Kaprizov Jerry D'Amigo 20 0 3 2
4 Cedric Paquette Roberts Lipsbergs Michael McCarron 10 1 2 2
5 vs 5 Defense
Defense Defense Time % Phy DF OF
1 Aaron Ekblad Michal Jordan 40 0 2 3
2 William Colbert Griffin Reinhart 30 0 2 3
3 Niklas Hansson John Draeger 20 1 2 2
4 Aaron Ekblad Griffin Reinhart 10 0 2 3
PowerPlay Forward
Center Left Wing Right Wing Time % Phy DF OF
1 Aleksander Barkov Pontus Aberg Tobias Rieder 60 0 1 4
2 Michael Latta Matt Puempel Jake Virtanen 40 0 1 4
PowerPlay Defense
Defense Defense Time % Phy DF OF
1 Aaron Ekblad Michal Jordan 60 0 2 3
2 Griffin Reinhart William Colbert 40 0 2 3
Penalty Kill 4 Players Forward
Center Wing Time % Phy DF OF
1 Michael Latta Tobias Rieder 60 1 3 1
2 Quinton Howden Pontus Aberg 40 1 3 1
Penalty Kill 4 Players Defense
Defense Defense Time % Phy DF OF
1 Aaron Ekblad Niklas Hansson 60 1 4 0
2 William Colbert John Draeger 40 1 4 0
Penalty Kill - 3 Players Forward
Forward Time % Phy DF OF
1 Michael Latta 60 1 3 1
2 Tobias Rieder 40 1 3 1
Penalty Kill - 3 Players Defense
Defense Defense Time % Phy DF OF
1 Niklas Hansson Aaron Ekblad 60 1 4 0
2 John Draeger William Colbert 40 1 4 0
4 vs 4 Forward
Center Wing Time % Phy DF OF
1 Aleksander Barkov Pontus Aberg 60 0 2 3
2 Michael Latta Tobias Rieder 40 0 2 3
4 vs 4 Defense
Defense Defense Time % Phy DF OF
1 Aaron Ekblad Michal Jordan 60 0 2 3
2 William Colbert Griffin Reinhart 40 0 2 3
Last Minutes Offensive
Center Left Wing Right Wing Defense Defense
Aleksander Barkov Pontus Aberg Tobias Rieder Aaron Ekblad Michal Jordan
Last Minutes Defensive
Center Left Wing Right Wing Defense Defense
Aleksander Barkov Pontus Aberg Tobias Rieder Aaron Ekblad Niklas Hansson
Goaltenders
Starting : Igor Bobkov
Backup : Garret Sparks
Extra Forwards
Normal : Jake Virtanen, Aleksander Barkov, Pontus Aberg - PP : Jake Virtanen, Aleksander Barkov - PK : Michael Latta
Extra Defensemen
Normal : Griffin Reinhart, Aaron Ekblad, Michal Jordan - PP : Niklas Hansson - PK : John Draeger, Aaron Ekblad
Penalty Shots
Aleksander Barkov, Jake Virtanen, Pontus Aberg, Quinton Howden, Tobias Rieder
Scratches
Viktor Baldayev (Healthy), Juuso Ikonen (Healthy), Michael Downing (Healthy), Keaton Thompson (Healthy), Kyle Platzer (Healthy)
Connor Honey (Healthy), Caleb Jones (Healthy), Lukas Vejdemo (Healthy), Kyle Capobianco (Healthy), Dmytro Timashov (Healthy)
Anton Zlobin (Healthy), Mitchell Heard (Healthy), Nelson Nogier (Healthy), Marek Langhamer (Healthy)
Coutelas
5 vs 5 Forward
Center Left Wing Right Wing Time % Phy DF OF
1 Tanner Richard Craig Cunningham Oliver Bjorkstrand 40 1 2 2
2 Juraj Mikus Teemu Pulkkinen Rhett Rakhshani 30 1 2 2
3 Mike Amadio Brendan Lemieux Kurtis Gabriel 20 1 2 2
4 Mikhail Grigorenko Mattias Janmark Nikita Scherbak 10 1 2 2
5 vs 5 Defense
Defense Defense Time % Phy DF OF
1 Ben Harpur Nick Mattson 40 1 2 2
2 Mike Reilly Patrick Sieloff 30 1 2 2
3 Duncan Siemens Julius Honka 20 1 2 2
4 Ben Harpur Nick Mattson 10 1 2 2
PowerPlay Forward
Center Left Wing Right Wing Time % Phy DF OF
1 Tanner Richard Craig Cunningham Oliver Bjorkstrand 60 1 2 2
2 Juraj Mikus Teemu Pulkkinen Rhett Rakhshani 40 1 2 2
PowerPlay Defense
Defense Defense Time % Phy DF OF
1 Ben Harpur Nick Mattson 60 1 2 2
2 Mike Reilly Patrick Sieloff 40 1 2 2
Penalty Kill 4 Players Forward
Center Wing Time % Phy DF OF
1 Craig Cunningham Tanner Richard 60 1 2 2
2 Teemu Pulkkinen Juraj Mikus 40 1 2 2
Penalty Kill 4 Players Defense
Defense Defense Time % Phy DF OF
1 Ben Harpur Nick Mattson 60 1 2 2
2 Mike Reilly Patrick Sieloff 40 1 2 2
Penalty Kill - 3 Players Forward
Forward Time % Phy DF OF
1 Craig Cunningham 60 1 2 2
2 Tanner Richard 40 1 2 2
Penalty Kill - 3 Players Defense
Defense Defense Time % Phy DF OF
1 Ben Harpur Nick Mattson 60 1 2 2
2 Mike Reilly Patrick Sieloff 40 1 2 2
4 vs 4 Forward
Center Wing Time % Phy DF OF
1 Craig Cunningham Tanner Richard 60 1 2 2
2 Teemu Pulkkinen Juraj Mikus 40 1 2 2
4 vs 4 Defense
Defense Defense Time % Phy DF OF
1 Ben Harpur Nick Mattson 60 1 2 2
2 Mike Reilly Patrick Sieloff 40 1 2 2
Last Minutes Offensive
Center Left Wing Right Wing Defense Defense
Tanner Richard Craig Cunningham Oliver Bjorkstrand Ben Harpur Nick Mattson
Last Minutes Defensive
Center Left Wing Right Wing Defense Defense
Tanner Richard Craig Cunningham Oliver Bjorkstrand Ben Harpur Nick Mattson
Goaltenders
Starting : Joe Cannata
Backup : Ilya Samsonov
Extra Forwards
Normal : Mike Amadio, Brendan Lemieux, Mikhail Grigorenko - PP : Mike Amadio, Brendan Lemieux - PK : Mikhail Grigorenko
Extra Defensemen
Normal : Duncan Siemens, Julius Honka, Mike Reilly - PP : Duncan Siemens - PK : Julius Honka, Mike Reilly
Penalty Shots
Craig Cunningham, Tanner Richard, Teemu Pulkkinen, Juraj Mikus, Mike Amadio
Scratches
Colin White (Healthy), Ross Johnston (Healthy), Patrick Russell (Healthy), Myles Bell (Healthy), Zach Whitecloud (Healthy)
Nick Paul (Healthy), Calle Andersson (Healthy), Clark Bishop (Healthy), JJ. Piccinich (Healthy), Michael Giugovaz (Healthy)
% Time on Ice - Remparts
Lines # - Real PCT - Wanted PCT - Time Play
Normal Forward
1 - 34% - 40% - 17:09
2 - 27% - 30% - 13:36
3 - 25% - 20% - 12:34
4 - 15% - 10% - 7:52
Normal Defense
1 - 37% - 40% - 19:11
2 - 30% - 30% - 15:24
3 - 25% - 20% - 13:02
4 - 7% - 10% - 3:34
PP Forward
1 - 61% - 60% - 2:22
2 - 39% - 40% - 1:32
PP Defense
1 - 68% - 60% - 2:39
2 - 32% - 40% - 1:15
PK Forward
1 - 82% - 60% - 3:59
2 - 18% - 40% - 0:52
PK Defense
1 - 64% - 60% - 3:06
2 - 36% - 40% - 1:45
PK3 Forward
1 - 0% - 60%
2 - 0% - 40%
PK3 Defense
1 - 0% - 60%
2 - 0% - 40%
44 Forward
1 - 76% - 60% - 3:15
2 - 24% - 40% - 1:03
44 Defense
1 - 67% - 60% - 2:53
2 - 33% - 40% - 1:25
Last Minute Offensive - 0:00
Last Minute Defensive - 0:00
Total
Forward - 64:14
Defense - 64:14
|
% Time on Ice - Coutelas
Lines # - Real PCT - Wanted PCT - Time Play
Normal Forward
1 - 37% - 40% - 18:52
2 - 27% - 30% - 14:02
3 - 22% - 20% - 11:01
4 - 14% - 10% - 7:16
Normal Defense
1 - 37% - 40% - 19:04
2 - 31% - 30% - 15:55
3 - 26% - 20% - 13:29
4 - 5% - 10% - 2:43
PP Forward
1 - 63% - 60% - 3:02
2 - 37% - 40% - 1:49
PP Defense
1 - 58% - 60% - 2:48
2 - 42% - 40% - 2:03
PK Forward
1 - 90% - 60% - 3:31
2 - 10% - 40% - 0:23
PK Defense
1 - 50% - 60% - 1:57
2 - 50% - 40% - 1:57
PK3 Forward
1 - 0% - 60%
2 - 0% - 40%
PK3 Defense
1 - 0% - 60%
2 - 0% - 40%
44 Forward
1 - 72% - 60% - 3:06
2 - 28% - 40% - 1:12
44 Defense
1 - 58% - 60% - 2:30
2 - 42% - 40% - 1:48
Last Minute Offensive - 0:00
Last Minute Defensive - 0:00
Total
Forward - 64:14
Defense - 64:14
|
Play-by-Play
1st period
0:01 of 1st period - Tanner Richard wins face-off versus Aleksander Barkov in neutral zone.
0:16 of 1st period - Off-side.
0:17 of 1st period - Michael Latta wins face-off versus Teemu Pulkkinen in neutral zone.
0:19 of 1st period - Off-side.
0:20 of 1st period - Michael Latta wins face-off versus Juraj Mikus in neutral zone.
0:25 of 1st period - Wrist shot by Michael Latta.
0:25 of 1st period - Shot Misses the Net.
0:31 of 1st period - Snap shot by Michael Latta.
0:31 of 1st period - Deflect By Jake Virtanen.
0:31 of 1st period - Shot Misses the Net.
0:31 of 1st period - Puck is out of play.
0:32 of 1st period - Jerry D'Amigo wins face-off versus Mike Amadio in Coutelas zone.
0:39 of 1st period - Niklas Hansson is hit by Kurtis Gabriel and loses puck.
0:58 of 1st period - Niklas Hansson is hit by Julius Honka and loses puck.
1:03 of 1st period - Wrist shot by Mattias Janmark.
1:03 of 1st period - Stopped by Igor Bobkov with a rebound.
2:08 of 1st period - Off-side.
2:09 of 1st period - Aleksander Barkov wins face-off versus Juraj Mikus in neutral zone.
2:11 of 1st period - Off-side.
2:12 of 1st period - Juraj Mikus wins face-off versus Aleksander Barkov in neutral zone.
2:39 of 1st period - Patrick Sieloff is hit by Michal Jordan and loses puck.
2:58 of 1st period - Slapshot by Mike Reilly.
2:58 of 1st period - Shot Misses the Net.
3:00 of 1st period - Snap shot by Mattias Janmark.
3:00 of 1st period - Shot Misses the Net.
3:05 of 1st period - Minor Penalty to Kirill Kaprizov for Hooking.
3:06 of 1st period - Tanner Richard wins face-off versus Michael Latta in Remparts zone.
3:36 of 1st period - Slapshot by Pontus Aberg.
3:36 of 1st period - Shot Misses the Net.
3:42 of 1st period - Snap shot by Pontus Aberg.
3:42 of 1st period - Deflect By Quinton Howden.
3:42 of 1st period - Shot Blocked by Ben Harpur.
3:42 of 1st period - Puck is out of play.
3:43 of 1st period - Craig Cunningham wins face-off versus Michael Latta in Coutelas zone.
3:53 of 1st period - Slapshot by Tanner Richard.
3:53 of 1st period - Shot Blocked by Tobias Rieder.
3:55 of 1st period - Snap shot by Mike Reilly.
3:55 of 1st period - Goal by Mike Reilly - Remparts : 0 - Coutelas : 1.
3:56 of 1st period - Aleksander Barkov wins face-off versus Tanner Richard in neutral zone.
4:22 of 1st period - Icing by Oliver Bjorkstrand.
4:23 of 1st period - Juraj Mikus wins face-off versus Michael Latta in Coutelas zone.
4:48 of 1st period - Kurtis Gabriel is hit by Niklas Hansson and loses puck.
5:11 of 1st period - Wrist shot by Oliver Bjorkstrand.
5:11 of 1st period - Stopped by Igor Bobkov without a rebound.
5:12 of 1st period - Cedric Paquette wins face-off versus Tanner Richard in Remparts zone.
5:12 of 1st period - Cedric Paquette is hit by Oliver Bjorkstrand.
5:18 of 1st period - Craig Cunningham is hit by Cedric Paquette and loses puck.
5:25 of 1st period - Wrist shot by Cedric Paquette.
5:25 of 1st period - Deflect By Roberts Lipsbergs.
5:25 of 1st period - Stopped by Joe Cannata with a rebound.
5:27 of 1st period - Wrist shot by Roberts Lipsbergs.
5:27 of 1st period - Stopped by Joe Cannata without a rebound.
5:28 of 1st period - Juraj Mikus wins face-off versus Pontus Aberg in Coutelas zone.
6:16 of 1st period - Nick Mattson is hit by Cedric Paquette and loses puck.
6:38 of 1st period - Off-side.
6:39 of 1st period - Mikhail Grigorenko wins face-off versus Kirill Kaprizov in neutral zone.
7:26 of 1st period - Off-side.
7:27 of 1st period - Juraj Mikus wins face-off versus Michael Latta in neutral zone.
7:30 of 1st period - Snap shot by Teemu Pulkkinen.
7:30 of 1st period - Deflect By Juraj Mikus.
7:30 of 1st period - Stopped by Igor Bobkov without a rebound.
7:31 of 1st period - Aleksander Barkov wins face-off versus Tanner Richard in Remparts zone.
7:33 of 1st period - Minor Penalty to Aleksander Barkov for Cross-checking.
7:34 of 1st period - Michael Latta wins face-off versus Tanner Richard in Remparts zone.
7:42 of 1st period - Wrist shot by Craig Cunningham.
7:42 of 1st period - Deflect By Michael Latta.
7:42 of 1st period - Shot Misses the Net.
7:42 of 1st period - Puck is out of play.
7:43 of 1st period - Michael Latta wins face-off versus Oliver Bjorkstrand in Remparts zone.
7:54 of 1st period - Michael Latta is hit by Craig Cunningham.
7:57 of 1st period - Off-side.
7:58 of 1st period - Michael Latta wins face-off versus Tanner Richard in neutral zone.
8:01 of 1st period - Ben Harpur is hit by Aaron Ekblad and loses puck.
9:33 of 1st period - Penalty to Aleksander Barkov is over, Aleksander Barkov is back on ice.
9:40 of 1st period - Snap shot by Aleksander Barkov.
9:40 of 1st period - Stopped by Joe Cannata with a rebound.
9:54 of 1st period - Wrist shot by Aleksander Barkov.
9:54 of 1st period - Shot Misses the Net.
9:56 of 1st period - Slapshot by William Colbert.
9:56 of 1st period - Stopped by Joe Cannata with a rebound.
9:58 of 1st period - Snap shot by Kirill Kaprizov.
9:58 of 1st period - Deflect By Aleksander Barkov.
9:58 of 1st period - Stopped by Joe Cannata with a rebound.
10:00 of 1st period - Snap shot by William Colbert.
10:00 of 1st period - Shot Blocked by Ben Harpur.
10:02 of 1st period - Slapshot by William Colbert.
10:02 of 1st period - Shot Misses the Net.
10:24 of 1st period - Wrist shot by Aleksander Barkov.
10:24 of 1st period - Deflect By Cedric Paquette.
10:24 of 1st period - Shot Blocked by Ben Harpur.
10:24 of 1st period - Puck is out of play.
10:25 of 1st period - Michael Latta wins face-off versus Juraj Mikus in Coutelas zone.
10:26 of 1st period - Slapshot by Aaron Ekblad.
10:26 of 1st period - Stopped by Joe Cannata without a rebound.
10:27 of 1st period - Juraj Mikus wins face-off versus Michael Latta in Coutelas zone.
10:52 of 1st period - Pontus Aberg is hit by Craig Cunningham and loses puck.
11:15 of 1st period - Mattias Janmark is hit by Cedric Paquette and loses puck.
11:57 of 1st period - Wrist shot by Juraj Mikus.
11:57 of 1st period - Stopped by Igor Bobkov without a rebound.
11:58 of 1st period - Juraj Mikus wins face-off versus Quinton Howden in Remparts zone.
11:59 of 1st period - Wrist shot by Teemu Pulkkinen.
11:59 of 1st period - Deflect By Juraj Mikus.
11:59 of 1st period - Stopped by Igor Bobkov with a rebound.
12:09 of 1st period - Slapshot by Rhett Rakhshani.
12:09 of 1st period - Stopped by Igor Bobkov without a rebound.
12:10 of 1st period - Tanner Richard wins face-off versus Aleksander Barkov in Remparts zone.
12:13 of 1st period - Snap shot by Craig Cunningham.
12:13 of 1st period - Stopped by Igor Bobkov without a rebound.
12:14 of 1st period - Tanner Richard wins face-off versus Aleksander Barkov in Remparts zone.
12:37 of 1st period - Nick Mattson is hit by William Colbert and loses puck.
13:04 of 1st period - Slapshot by Tanner Richard.
13:04 of 1st period - Stopped by Igor Bobkov with a rebound.
13:09 of 1st period - Off-side.
13:10 of 1st period - Juraj Mikus wins face-off versus Michael Latta in neutral zone.
14:01 of 1st period - Wrist shot by Mikhail Grigorenko.
14:01 of 1st period - Shot Misses the Net.
14:09 of 1st period - Snap shot by Mikhail Grigorenko.
14:09 of 1st period - Stopped by Igor Bobkov without a rebound.
14:10 of 1st period - Michael Latta wins face-off versus Juraj Mikus in Remparts zone.
14:19 of 1st period - Wrist shot by Juraj Mikus.
14:19 of 1st period - Stopped by Igor Bobkov without a rebound.
14:20 of 1st period - Michael Latta wins face-off versus Teemu Pulkkinen in Remparts zone.
14:25 of 1st period - Michael Latta is hit by Rhett Rakhshani and loses puck.
14:52 of 1st period - Backhand shot by Rhett Rakhshani.
14:52 of 1st period - Deflect By Michael Latta.
14:52 of 1st period - Stopped by Igor Bobkov without a rebound.
14:53 of 1st period - Aleksander Barkov wins face-off versus Tanner Richard in Remparts zone.
15:06 of 1st period - Snap shot by Tobias Rieder.
15:06 of 1st period - Deflect By Tanner Richard.
15:06 of 1st period - Shot Blocked by Patrick Sieloff.
15:06 of 1st period - Puck is out of play.
15:07 of 1st period - Aleksander Barkov wins face-off versus Tanner Richard in Coutelas zone.
15:18 of 1st period - Snap shot by Tanner Richard.
15:18 of 1st period - Shot Blocked by Pontus Aberg.
15:34 of 1st period - Teemu Pulkkinen is hit by Aaron Ekblad and loses puck.
15:43 of 1st period - Wrist shot by Matt Puempel.
15:43 of 1st period - Shot Misses the Net.
15:45 of 1st period - Wrist shot by Michael Latta.
15:45 of 1st period - Goal by Michael Latta - Remparts : 1 - Coutelas : 1.
15:46 of 1st period - Oliver Bjorkstrand wins face-off versus Aleksander Barkov in neutral zone.
15:49 of 1st period - Wrist shot by Tanner Richard.
15:49 of 1st period - Stopped by Igor Bobkov without a rebound.
15:50 of 1st period - Aleksander Barkov wins face-off versus Tanner Richard in Remparts zone.
16:19 of 1st period - Wrist shot by Juraj Mikus.
16:19 of 1st period - Stopped by Igor Bobkov with a rebound.
16:21 of 1st period - Snap shot by Rhett Rakhshani.
16:21 of 1st period - Stopped by Igor Bobkov without a rebound.
16:22 of 1st period - Juraj Mikus wins face-off versus Michael Latta in Remparts zone.
16:54 of 1st period - Wrist shot by Tobias Rieder.
16:54 of 1st period - Stopped by Joe Cannata with a rebound.
17:29 of 1st period - Icing by Duncan Siemens.
17:30 of 1st period - Mikhail Grigorenko wins face-off versus Michael Latta in Coutelas zone.
17:30 of 1st period - Mikhail Grigorenko is hit by Michael Latta.
19:41 of 1st period - Slapshot by William Colbert.
19:41 of 1st period - Shot Misses the Net.
Goals for this period are 1 for Remparts vs 1 for Coutelas.
Shots for this period are 8 for Remparts vs 15 for Coutelas.
2nd period
0:01 of 2nd period - Aleksander Barkov wins face-off versus Tanner Richard in neutral zone.
0:16 of 2nd period - Snap shot by Tobias Rieder.
0:16 of 2nd period - Shot Blocked by Mike Reilly.
0:26 of 2nd period - Matt Puempel is hit by Rhett Rakhshani and loses puck.
1:37 of 2nd period - Wrist shot by Tobias Rieder.
1:37 of 2nd period - Stopped by Joe Cannata without a rebound.
1:38 of 2nd period - Juraj Mikus wins face-off versus Michael Latta in Coutelas zone.
1:38 of 2nd period - Juraj Mikus is hit by Michael Latta.
2:04 of 2nd period - Michal Jordan is hit by Brendan Lemieux and loses puck.
2:13 of 2nd period - Wrist shot by Brendan Lemieux.
2:13 of 2nd period - Stopped by Igor Bobkov with a rebound.
2:15 of 2nd period - Slapshot by Mike Amadio.
2:15 of 2nd period - Stopped by Igor Bobkov with a rebound.
2:41 of 2nd period - Michal Jordan is hit by Craig Cunningham.
3:01 of 2nd period - Slapshot by Griffin Reinhart.
3:01 of 2nd period - Stopped by Joe Cannata without a rebound.
3:02 of 2nd period - Juraj Mikus wins face-off versus Cedric Paquette in Coutelas zone.
3:27 of 2nd period - Icing by Aleksander Barkov.
3:28 of 2nd period - Tanner Richard wins face-off versus Aleksander Barkov in Remparts zone.
3:35 of 2nd period - Slapshot by Craig Cunningham.
3:35 of 2nd period - Shot Misses the Net.
3:37 of 2nd period - Backhand shot by Tanner Richard.
3:37 of 2nd period - Shot Misses the Net.
3:39 of 2nd period - Wrist shot by Craig Cunningham.
3:39 of 2nd period - Deflect By Tanner Richard.
3:39 of 2nd period - Shot Blocked by Pontus Aberg.
3:39 of 2nd period - Puck is out of play.
3:40 of 2nd period - Aleksander Barkov wins face-off versus Tanner Richard in Remparts zone.
3:51 of 2nd period - Wrist shot by Aleksander Barkov.
3:51 of 2nd period - Shot Misses the Net.
3:55 of 2nd period - Wrist shot by Aleksander Barkov.
3:55 of 2nd period - Stopped by Joe Cannata with a rebound.
4:05 of 2nd period - Aaron Ekblad is hit by Juraj Mikus and loses puck.
5:10 of 2nd period - Snap shot by Craig Cunningham.
5:10 of 2nd period - Shot Blocked by William Colbert.
5:12 of 2nd period - Slapshot by Nick Mattson.
5:12 of 2nd period - Stopped by Igor Bobkov with a rebound.
5:20 of 2nd period - Wrist shot by Tanner Richard.
5:20 of 2nd period - Stopped by Igor Bobkov with a rebound.
5:47 of 2nd period - Icing by Aleksander Barkov.
5:48 of 2nd period - Michael Latta wins face-off versus Mike Amadio in Remparts zone.
5:50 of 2nd period - Icing by Matt Puempel.
5:51 of 2nd period - Mike Amadio wins face-off versus Michael Latta in Remparts zone.
6:06 of 2nd period - Snap shot by Jake Virtanen.
6:06 of 2nd period - Stopped by Joe Cannata with a rebound.
6:20 of 2nd period - Slapshot by Quinton Howden.
6:20 of 2nd period - Stopped by Joe Cannata without a rebound.
6:21 of 2nd period - Tanner Richard wins face-off versus Quinton Howden in Coutelas zone.
6:21 of 2nd period - Tanner Richard is hit by Aaron Ekblad.
6:27 of 2nd period - Wrist shot by Craig Cunningham.
6:27 of 2nd period - Shot Misses the Net.
6:29 of 2nd period - Wrist shot by Craig Cunningham.
6:29 of 2nd period - Stopped by Igor Bobkov with a rebound.
6:31 of 2nd period - Wrist shot by Craig Cunningham.
6:31 of 2nd period - Shot Misses the Net.
6:33 of 2nd period - Slapshot by Nick Mattson.
6:33 of 2nd period - Deflect By Craig Cunningham.
6:33 of 2nd period - Shot Blocked by Quinton Howden.
6:33 of 2nd period - Puck is out of play.
6:34 of 2nd period - Aleksander Barkov wins face-off versus Tanner Richard in Remparts zone.
6:36 of 2nd period - Minor Penalty to Tobias Rieder for High sticking.
6:37 of 2nd period - Tanner Richard wins face-off versus Michael Latta in Remparts zone.
6:43 of 2nd period - Wrist shot by Tanner Richard.
6:43 of 2nd period - Goal by Tanner Richard - Remparts : 1 - Coutelas : 2.
6:44 of 2nd period - Craig Cunningham wins face-off versus Aleksander Barkov in neutral zone.
7:31 of 2nd period - Niklas Hansson is hit by Patrick Sieloff and loses puck.
7:39 of 2nd period - Off-side.
7:40 of 2nd period - Pontus Aberg wins face-off versus Tanner Richard in neutral zone.
7:53 of 2nd period - Snap shot by Tobias Rieder.
7:53 of 2nd period - Stopped by Joe Cannata without a rebound.
7:54 of 2nd period - Aleksander Barkov wins face-off versus Juraj Mikus in Coutelas zone.
8:04 of 2nd period - Snap shot by Aaron Ekblad.
8:04 of 2nd period - Shot Misses the Net.
8:20 of 2nd period - Tanner Richard is hit by Michael Latta and loses puck.
8:27 of 2nd period - Slapshot by Craig Cunningham.
8:27 of 2nd period - Stopped by Igor Bobkov with a rebound.
8:29 of 2nd period - Slapshot by Nick Mattson.
8:29 of 2nd period - Deflect By Craig Cunningham.
8:29 of 2nd period - Stopped by Igor Bobkov with a rebound.
8:44 of 2nd period - Off-side.
8:45 of 2nd period - Juraj Mikus wins face-off versus Quinton Howden in neutral zone.
8:50 of 2nd period - John Draeger is hit by Rhett Rakhshani and loses puck.
9:01 of 2nd period - Snap shot by Juraj Mikus.
9:01 of 2nd period - Shot Misses the Net.
9:19 of 2nd period - Snap shot by Pontus Aberg.
9:19 of 2nd period - Stopped by Joe Cannata without a rebound.
9:20 of 2nd period - Aleksander Barkov wins face-off versus Juraj Mikus in Coutelas zone.
9:29 of 2nd period - Snap shot by Rhett Rakhshani.
9:29 of 2nd period - Stopped by Igor Bobkov without a rebound.
9:30 of 2nd period - Tobias Rieder wins face-off versus Juraj Mikus in Remparts zone.
10:17 of 2nd period - Slapshot by Teemu Pulkkinen.
10:17 of 2nd period - Shot Misses the Net.
10:19 of 2nd period - Wrist shot by Juraj Mikus.
10:19 of 2nd period - Shot Blocked by Pontus Aberg.
10:21 of 2nd period - Snap shot by Nick Mattson.
10:21 of 2nd period - Shot Blocked by Aaron Ekblad.
10:23 of 2nd period - Slapshot by Teemu Pulkkinen.
10:23 of 2nd period - Stopped by Igor Bobkov with a rebound.
10:25 of 2nd period - Slapshot by Nick Mattson.
10:25 of 2nd period - Deflect By Aaron Ekblad.
10:25 of 2nd period - Stopped by Igor Bobkov without a rebound.
10:26 of 2nd period - Michael Latta wins face-off versus Tanner Richard in Remparts zone.
10:33 of 2nd period - Snap shot by Matt Puempel.
10:33 of 2nd period - Shot Misses the Net.
11:41 of 2nd period - Wrist shot by Tanner Richard.
11:41 of 2nd period - Deflect By Craig Cunningham.
11:41 of 2nd period - Shot Misses the Net.
11:41 of 2nd period - Puck is out of play.
11:42 of 2nd period - Juraj Mikus wins face-off versus Aleksander Barkov in Remparts zone.
11:43 of 2nd period - Slapshot by Nick Mattson.
11:43 of 2nd period - Shot Misses the Net.
11:49 of 2nd period - Tobias Rieder is hit by Rhett Rakhshani and loses puck.
12:12 of 2nd period - Snap shot by Jake Virtanen.
12:12 of 2nd period - Goal by Jake Virtanen - Remparts : 2 - Coutelas : 2.
12:13 of 2nd period - Aleksander Barkov wins face-off versus Tanner Richard in neutral zone.
12:38 of 2nd period - Michael Latta is hit by Ben Harpur and loses puck.
13:31 of 2nd period - Snap shot by Aleksander Barkov.
13:31 of 2nd period - Shot Misses the Net.
13:33 of 2nd period - Slapshot by Aaron Ekblad.
13:33 of 2nd period - Deflect By Duncan Siemens.
13:33 of 2nd period - Stopped by Joe Cannata with a rebound.
14:37 of 2nd period - Wrist shot by Tobias Rieder.
14:37 of 2nd period - Stopped by Joe Cannata with a rebound.
15:48 of 2nd period - Michael Latta is hit by Brendan Lemieux and loses puck.
16:17 of 2nd period - Julius Honka is hit by Tobias Rieder and loses puck.
16:59 of 2nd period - Snap shot by Jerry D'Amigo.
16:59 of 2nd period - Shot Misses the Net.
17:16 of 2nd period - Snap shot by Aleksander Barkov.
17:16 of 2nd period - Deflect By Tobias Rieder.
17:16 of 2nd period - Shot Misses the Net.
17:16 of 2nd period - Puck is out of play.
17:17 of 2nd period - Aleksander Barkov wins face-off versus Mike Amadio in Coutelas zone.
17:33 of 2nd period - Slapshot by Griffin Reinhart.
17:33 of 2nd period - Deflect By Pontus Aberg.
17:33 of 2nd period - Shot Blocked by Mike Amadio.
17:33 of 2nd period - Puck is out of play.
17:34 of 2nd period - Michael Latta wins face-off versus Tanner Richard in Coutelas zone.
17:39 of 2nd period - Wrist shot by Michael Latta.
17:39 of 2nd period - Shot Misses the Net.
17:41 of 2nd period - Snap shot by Jake Virtanen.
17:41 of 2nd period - Stopped by Joe Cannata without a rebound.
17:42 of 2nd period - Tanner Richard wins face-off versus Michael Latta in Coutelas zone.
17:42 of 2nd period - Tanner Richard is hit by Jake Virtanen.
17:54 of 2nd period - Snap shot by Michael Latta.
17:54 of 2nd period - Stopped by Joe Cannata with a rebound.
17:56 of 2nd period - Backhand shot by Michal Jordan.
17:56 of 2nd period - Stopped by Joe Cannata without a rebound.
17:57 of 2nd period - Aleksander Barkov wins face-off versus Juraj Mikus in Coutelas zone.
18:47 of 2nd period - William Colbert is hit by Brendan Lemieux.
18:51 of 2nd period - Slapshot by Griffin Reinhart.
18:51 of 2nd period - Shot Misses the Net.
19:00 of 2nd period - Icing by William Colbert.
19:01 of 2nd period - Quinton Howden wins face-off versus Mikhail Grigorenko in Remparts zone.
19:15 of 2nd period - Tobias Rieder is hit by Mikhail Grigorenko and loses puck.
19:22 of 2nd period - Patrick Sieloff is hit by Aleksander Barkov and loses puck.
19:59 of 2nd period - Snap shot by Juraj Mikus.
19:59 of 2nd period - Deflect By Teemu Pulkkinen.
19:59 of 2nd period - Shot Blocked by Michal Jordan.
19:59 of 2nd period - Puck is out of play.
Goals for this period are 1 for Remparts vs 1 for Coutelas.
Shots for this period are 13 for Remparts vs 11 for Coutelas.
3rd period
0:01 of 3rd period - Tanner Richard wins face-off versus Aleksander Barkov in neutral zone.
0:04 of 3rd period - Snap shot by Aleksander Barkov.
0:04 of 3rd period - Stopped by Joe Cannata with a rebound.
0:06 of 3rd period - Wrist shot by Pontus Aberg.
0:06 of 3rd period - Stopped by Joe Cannata with a rebound.
0:08 of 3rd period - Snap shot by Pontus Aberg.
0:08 of 3rd period - Deflect By Ben Harpur.
0:08 of 3rd period - Stopped by Joe Cannata with a rebound.
0:10 of 3rd period - Slapshot by Michal Jordan.
0:10 of 3rd period - Stopped by Joe Cannata without a rebound.
0:11 of 3rd period - Aleksander Barkov wins face-off versus Tanner Richard in Coutelas zone.
0:26 of 3rd period - Slapshot by Tobias Rieder.
0:26 of 3rd period - Stopped by Joe Cannata with a rebound.
0:41 of 3rd period - Snap shot by Quinton Howden.
0:41 of 3rd period - Shot Misses the Net.
1:00 of 3rd period - Off-side.
1:01 of 3rd period - Michael Latta wins face-off versus Juraj Mikus in neutral zone.
1:16 of 3rd period - Slapshot by Ben Harpur.
1:16 of 3rd period - Deflect By Rhett Rakhshani.
1:16 of 3rd period - Shot Misses the Net.
1:16 of 3rd period - Puck is out of play.
1:17 of 3rd period - Aleksander Barkov wins face-off versus Mike Amadio in Remparts zone.
1:17 of 3rd period - Aleksander Barkov is hit by Brendan Lemieux.
1:22 of 3rd period - Griffin Reinhart is hit by Brendan Lemieux.
1:53 of 3rd period - William Colbert is hit by Rhett Rakhshani and loses puck.
2:24 of 3rd period - Minor Penalty to Patrick Sieloff for Hooking.
2:25 of 3rd period - Aleksander Barkov wins face-off versus Craig Cunningham in Coutelas zone.
4:24 of 3rd period - Penalty to Patrick Sieloff is over, Patrick Sieloff is back on ice.
5:17 of 3rd period - Snap shot by Mike Amadio.
5:17 of 3rd period - Stopped by Igor Bobkov with a rebound.
5:47 of 3rd period - Jerry D'Amigo is hit by Teemu Pulkkinen and loses puck.
5:56 of 3rd period - Kirill Kaprizov is hit by Rhett Rakhshani.
6:10 of 3rd period - Wrist shot by Michael McCarron.
6:10 of 3rd period - Stopped by Joe Cannata with a rebound.
6:12 of 3rd period - Snap shot by Michael McCarron.
6:12 of 3rd period - Stopped by Joe Cannata without a rebound.
6:13 of 3rd period - Mikhail Grigorenko wins face-off versus Cedric Paquette in Coutelas zone.
6:13 of 3rd period - Mikhail Grigorenko is hit by Michael McCarron.
6:20 of 3rd period - Off-side.
6:21 of 3rd period - Mikhail Grigorenko wins face-off versus Aleksander Barkov in neutral zone.
7:59 of 3rd period - Snap shot by Quinton Howden.
7:59 of 3rd period - Shot Blocked by Duncan Siemens.
8:01 of 3rd period - Wrist shot by Jerry D'Amigo.
8:01 of 3rd period - Stopped by Joe Cannata without a rebound.
8:02 of 3rd period - Quinton Howden wins face-off versus Juraj Mikus in Coutelas zone.
8:03 of 3rd period - Slapshot by Kirill Kaprizov.
8:03 of 3rd period - Shot Blocked by Rhett Rakhshani.
8:23 of 3rd period - Jerry D'Amigo is hit by Julius Honka and loses puck.
9:04 of 3rd period - Wrist shot by Rhett Rakhshani.
9:04 of 3rd period - Stopped by Igor Bobkov with a rebound.
9:12 of 3rd period - Rhett Rakhshani is hit by Michal Jordan and loses puck.
9:21 of 3rd period - Snap shot by Jerry D'Amigo.
9:21 of 3rd period - Shot Misses the Net.
9:23 of 3rd period - Slapshot by Michal Jordan.
9:23 of 3rd period - Shot Misses the Net.
9:25 of 3rd period - Slapshot by Michal Jordan.
9:25 of 3rd period - Stopped by Joe Cannata with a rebound.
9:27 of 3rd period - Snap shot by Jerry D'Amigo.
9:27 of 3rd period - Stopped by Joe Cannata with a rebound.
9:43 of 3rd period - Snap shot by Jerry D'Amigo.
9:43 of 3rd period - Stopped by Joe Cannata without a rebound.
9:44 of 3rd period - Aleksander Barkov wins face-off versus Tanner Richard in Coutelas zone.
9:53 of 3rd period - Snap shot by Craig Cunningham.
9:53 of 3rd period - Shot Blocked by Tobias Rieder.
10:09 of 3rd period - Brendan Lemieux is hit by Michael Latta and loses puck.
10:29 of 3rd period - John Draeger is hit by Mikhail Grigorenko and loses puck.
10:36 of 3rd period - Slapshot by Niklas Hansson.
10:36 of 3rd period - Stopped by Joe Cannata with a rebound.
10:38 of 3rd period - Slapshot by Niklas Hansson.
10:38 of 3rd period - Shot Blocked by Mikhail Grigorenko.
11:32 of 3rd period - Icing by Kurtis Gabriel.
11:33 of 3rd period - Mike Amadio wins face-off versus Aleksander Barkov in Coutelas zone.
12:14 of 3rd period - Minor Penalty to Michael Latta for Slashing.
12:15 of 3rd period - Tanner Richard wins face-off versus Cedric Paquette in Remparts zone.
12:53 of 3rd period - Wrist shot by Juraj Mikus.
12:53 of 3rd period - Deflect By Rhett Rakhshani.
12:53 of 3rd period - Shot Misses the Net.
12:53 of 3rd period - Puck is out of play.
12:54 of 3rd period - Quinton Howden wins face-off versus Tanner Richard in Remparts zone.
13:18 of 3rd period - Rhett Rakhshani is hit by Quinton Howden and loses puck.
13:49 of 3rd period - Icing by Patrick Sieloff.
13:50 of 3rd period - Tanner Richard wins face-off versus Quinton Howden in Coutelas zone.
13:55 of 3rd period - Wrist shot by Kirill Kaprizov.
13:55 of 3rd period - Stopped by Joe Cannata with a rebound.
14:09 of 3rd period - Minor Penalty to Mike Reilly for Slashing.
14:10 of 3rd period - Craig Cunningham wins face-off versus Aleksander Barkov in Coutelas zone.
14:14 of 3rd period - Penalty to Michael Latta is over, Michael Latta is back on ice.
14:43 of 3rd period - Wrist shot by Aleksander Barkov.
14:43 of 3rd period - Shot Misses the Net.
14:45 of 3rd period - Snap shot by Aleksander Barkov.
14:45 of 3rd period - Stopped by Joe Cannata with a rebound.
14:58 of 3rd period - Off-side.
14:59 of 3rd period - Michael Latta wins face-off versus Teemu Pulkkinen in neutral zone.
16:09 of 3rd period - Penalty to Mike Reilly is over, Mike Reilly is back on ice.
16:42 of 3rd period - Snap shot by Brendan Lemieux.
16:42 of 3rd period - Stopped by Igor Bobkov without a rebound.
16:43 of 3rd period - Cedric Paquette wins face-off versus Mike Amadio in Remparts zone.
17:42 of 3rd period - Slapshot by Griffin Reinhart.
17:42 of 3rd period - Stopped by Joe Cannata without a rebound.
17:43 of 3rd period - Cedric Paquette wins face-off versus Tanner Richard in Coutelas zone.
18:06 of 3rd period - Wrist shot by Roberts Lipsbergs.
18:06 of 3rd period - Shot Misses the Net.
18:08 of 3rd period - Slapshot by John Draeger.
18:08 of 3rd period - Stopped by Joe Cannata with a rebound.
18:10 of 3rd period - Slapshot by Cedric Paquette.
18:10 of 3rd period - Shot Blocked by Tanner Richard.
18:12 of 3rd period - Slapshot by John Draeger.
18:12 of 3rd period - Stopped by Joe Cannata with a rebound.
18:14 of 3rd period - Wrist shot by Roberts Lipsbergs.
18:14 of 3rd period - Shot Blocked by Mike Reilly.
18:16 of 3rd period - Wrist shot by Michael McCarron.
18:16 of 3rd period - Shot Blocked by Mike Reilly.
18:30 of 3rd period - Wrist shot by Cedric Paquette.
18:30 of 3rd period - Shot Misses the Net.
18:34 of 3rd period - Slapshot by Cedric Paquette.
18:34 of 3rd period - Shot Misses the Net.
19:05 of 3rd period - Snap shot by Tanner Richard.
19:05 of 3rd period - Stopped by Igor Bobkov without a rebound.
19:06 of 3rd period - Aleksander Barkov wins face-off versus Mike Amadio in Remparts zone.
Goals for this period are 0 for Remparts vs 0 for Coutelas.
Shots for this period are 17 for Remparts vs 4 for Coutelas.
Overtime #1
0:01 of 1st overtime period - Craig Cunningham wins face-off versus Aleksander Barkov in neutral zone.
0:08 of 1st overtime period - Michal Jordan is hit by Nick Mattson and loses puck.
0:22 of 1st overtime period - Icing by Ben Harpur.
0:23 of 1st overtime period - Craig Cunningham wins face-off versus Aleksander Barkov in Coutelas zone.
2:28 of 1st overtime period - Nick Mattson is hit by Niklas Hansson and loses puck.
2:35 of 1st overtime period - Slapshot by Tobias Rieder.
2:35 of 1st overtime period - Stopped by Joe Cannata with a rebound.
2:37 of 1st overtime period - Slapshot by Niklas Hansson.
2:37 of 1st overtime period - Stopped by Joe Cannata without a rebound.
2:38 of 1st overtime period - Aleksander Barkov wins face-off versus Craig Cunningham in Coutelas zone.
3:01 of 1st overtime period - Tobias Rieder is hit by Teemu Pulkkinen and loses puck.
3:08 of 1st overtime period - Slapshot by John Draeger.
3:08 of 1st overtime period - Stopped by Joe Cannata with a rebound.
3:10 of 1st overtime period - Wrist shot by Tobias Rieder.
3:10 of 1st overtime period - Shot Misses the Net.
3:39 of 1st overtime period - Wrist shot by Jake Virtanen.
3:39 of 1st overtime period - Shot Misses the Net.
3:41 of 1st overtime period - Slapshot by Jake Virtanen.
3:41 of 1st overtime period - Shot Misses the Net.
3:45 of 1st overtime period - Wrist shot by Jake Virtanen.
3:45 of 1st overtime period - Stopped by Joe Cannata with a rebound.
4:02 of 1st overtime period - Off-side.
4:03 of 1st overtime period - Teemu Pulkkinen wins face-off versus Jake Virtanen in neutral zone.
4:12 of 1st overtime period - Slapshot by Juraj Mikus.
4:12 of 1st overtime period - Stopped by Igor Bobkov with a rebound.
4:14 of 1st overtime period - Slapshot by Patrick Sieloff.
4:14 of 1st overtime period - Goal by Patrick Sieloff - Remparts : 2 - Coutelas : 3.
Goals for this period are 0 for Remparts vs 1 for Coutelas.
Shots for this period are 4 for Remparts vs 2 for Coutelas.